 Dungeon Crawl Stone Soup version 0.29-a0-322-g68df515428 (webtiles) character file.

Game seed: 17267285006033062137

18 GigaChad the Skirmisher (level 2, -8/24 HPs)
             Began as a Demonspawn Chaos Knight on Apr 8, 2022.
             Was a Plaything of Xom.
             Killed by the air
             ... invoked by a wind drake (shapeshifter)
              (14 damage)
             ... on level 1 of the Dungeon.
             The game lasted 00:01:18 (312 turns).

GigaChad the Skirmisher (Demonspawn Chaos Knight)    Turns: 312, Time: 00:01:19

Health: -8/24      AC:  5    Str: 12    XL:     2   Next: 48%
Magic:  2/2        EV: 11    Int: 13    God:    Xom [..*...]
Gold:   22         SH:  0    Dex: 12    Spells: 1/1 levels left

rFire   . . .      SeeInvis .   a - +0 falchion (chaos)
rCold   . . .      Faith    .   (no shield)
rNeg    . . .      Spirit   .   b - +2 leather armour
rPois   .          Reflect  .   (no helmet)
rElec   .          Harm     .   (no cloak)
rCorr   .          Rampage  .   (no gloves)
Will    .....                   (no boots)
Stlth   +.........              (no amulet)
HPRegen 0.08/turn               (no ring)
MPRegen 0.08/turn               (no ring)

@: no status effects
A: demonic touch 1
a: Renounce Religion


You were on level 1 of the Dungeon.
You worshipped Xom.
You were a toy of Xom.
You visited 1 branch of the dungeon, and saw 1 of its levels.

You collected 22 gold pieces.

Inventory:

Hand Weapons
 a - a +0 falchion of chaos (weapon)
Armour
 b - a +2 leather armour (worn)
Scrolls
 e - a scroll of identify {unknown}
 g - a scroll of enchant armour {unknown}
 h - a scroll of brand weapon {unknown}
 i - a scroll of blinking {unknown}
Potions
 d - 2 potions of curing {unknown}
 f - 2 potions of invisibility {unknown}
Miscellaneous
 c - a piece from Xom's chessboard (15/15) (quivered)


   Skills:
 + Level 3.3 Fighting
 + Level 3.0 Long Blades
 + Level 2.1 Armour
 + Level 0.9 Dodging


You had one spell level left.
You didn't know any spells.
Your spell library was empty.

Dungeon Overview and Level Annotations

Branches:
Dungeon (1/15)

Altars:

Shops:
D:1 =


Innate Abilities, Weirdness & Mutations

Your touch may inflict minor irresistible damage on your foes.


Message History

The dart slug is severely wounded.
The dart slug barely misses you.
You hit the dart slug.
You kill the dart slug!
Your Long Blades skill increases to level 3!
A jackal comes into view.
The jackal barks!
A jackal comes into view.
You hit the jackal.
The jackal changes into a shapeshifter!
Xom thinks this is hilarious!
Your touch misses the shapeshifter.
The shapeshifter is lightly wounded.
The shapeshifter changes into a wind drake!
You hit the wind drake. You freeze the wind drake.
You touch the wind drake.
The wind drake is lightly wounded.
Xom smirks.
You detect items!
You hit the jackal.
You kill the jackal!
You slash the wind drake! You drain the wind drake.
The wind drake is moderately wounded.
The wind drake barely misses you. The wind drake bites you.
You hit the wind drake but do no damage.
Your touch misses the wind drake.
The wind drake is moderately wounded.
The wind drake flaps its wings at you. The air twists around and strikes you!
You miss the wind drake.
The wind drake is moderately wounded.
The wind drake exhales a fierce blast of wind!
You are blown backwards!
Your white imp is blown away by the wind.
You collide with your white imp!
Your white imp is heavily wounded.
* * * LOW HITPOINT WARNING * * *
The wind drake flaps its wings at you. The air twists around and strikes you!
Ouch! That really hurt!
You die...
Xom chuckles heartily!

#############.#.#################
# #.#.# ##### #######.#.# ####
....# #....[)...# #... ....#
#.........# #.##
....###.........#
.......[....#.#...... .
....#######.#.#######.... #####
#.#..5@k....... #.###########..
#.# #.# ∆ ∆ #


You could see a wind drake shaped shifter (catching breath, drained, ally
target) and a friendly white imp (summoned).

Vanquished Creatures
  2 dart slugs (D:1)
  2 endoplasms (D:1)
  A jackal (D:1)
  A quokka (D:1)
  A ball python (D:1)
  2 frilled lizards (D:1)
  A rat (D:1)
10 creatures vanquished.

Vanquished Creatures (collateral kills)
  An endoplasm (D:1)
  A giant cockroach (D:1)
  A goblin (D:1)
3 creatures vanquished.

Vanquished Creatures (others)
  A frilled lizard (D:1)
1 creature vanquished.

Grand Total: 14 creatures vanquished

Notes
Turn   | Place    | Note
-------+----------+-------------------------------------------
     0 | D:1      | GigaChad the Demonspawn Chaos Knight began the quest for
                  | the Orb.
     0 | D:1      | Reached XP level 1. HP: 18/18 MP: 1/1
     5 | D:1      | Found Hulop's Jewellery Emporium.
   155 | D:1      | Found a faded altar of an unknown god.
   171 | D:1      | XOM: summons friendly white imp
   175 | D:1      | Gained mutation: Your touch may inflict minor irresistible
                  | damage on your foes. [demonic ancestry]
   175 | D:1      | Reached XP level 2. HP: 23/24 MP: 2/2
   306 | D:1      | Noticed a shapeshifter
   306 | D:1      | a jackal changed into a shapeshifter
   306 | D:1      | Noticed a wind drake
   306 | D:1      | a shapeshifter changed into a wind drake
   307 | D:1      | XOM: divination: detect items
   312 | D:1      | Killed from afar by a wind drake (shapeshifter)

Illustrated notes

Levels and vault maps discovered:
D:1:      dpeg_arrival_tiny_b, layout_basic, serial_shops,
          nicolae_shop_statue_plus, hellmonk_ecumenical_altar_heavens_door,
          minmay_hexomino_u4

Skill      XL: |  1  2 |
---------------+-------+-----
Armour         | 2 |  2.1
Long Blades    | 3 |  3.0
Fighting       | |  3.3
Dodging        | |  0.9

Action                   || total
-------------------------++-------
Melee: Falchion          ||    35
       Touch             ||     2
Armor: Leather armour    ||     9
Dodge: Dodged            ||    33

Table legend: (Time is in decaauts)
 A = Elapsed time spent in this place.
 B = Non-inter-level travel time spent in this place.
 C = Inter-level travel time spent in this place.
 D = Time resting spent in this place.
 E = Time spent auto-exploring this place.
 F = Levels seen in this place.
 G = Mean time per level.
                   A        B        C        D        E       F      G
               +--------+--------+--------+--------+--------+-----+--------+
         Total |    317 |    317 |      0 |      0 |      0 |   1 |  317.0 |
       Dungeon |    317 |    317 |      0 |      0 |      0 |   1 |  317.0 |
               +--------+--------+--------+--------+--------+-----+--------+

Top non-repeatable levels by time:
     D:1: 317 daAuts
